[Event "Late-Titled-Tuesday-Blitz-April-16-2024"]
[Site "Chess.com"]
[Date "2024.04.16"]
[Round "6"]
[White "GothamChess"]
[Black "SpeedofLight0"]
[Result "1-0"]
[WhiteElo "2698"]
[BlackElo "3035"]
[TimeControl "180+1"]
[EndTime "15:04:30 PDT"]
[Termination "GothamChess won by checkmate"]

1. e4 Nc6 2. Nc3 Nf6 3. f4 d5 4. e5 Ne4 5. Nf3 Bf5 6. Ne2 e6 7. d3 Nc5 8. Ng3 Bg4 9. Be3 d4 10. Bf2 Qd5 11. Be2 h5 12. h3 h4 13. hxg4 hxg3 14.
Rxh8 gxf2+ 15. Kxf2 f6 16. exf6 gxf6 17. a3 O-O-O 18.
Qh1 Qd6 19. g3 Ne7 20. Qh5 Nd5 21. Qf7 Ne3 22. g5 e5 23. g6 exf4 24. g7 fxg3+ 25. Kg1 Bxg7 26. Qxg7 g2 27. Rxd8+ Qxd8 28. c3 Ne6 29.
Qg3 c5 30. cxd4 cxd4 31. Rc1+ Kd7 32. Nxd4 Nxd4 33. Qxe3 Qb6 34. Kxg2 Qxb2 35. Re1 Nc6 36. Kg1 Qxa3 37. Bg4+ Kc7 38. Qf4+ Qd6 39. Qxd6+ Kxd6 40. Re6+ Kc5 41. Rxf6 b5 42. Kf2 a5 43. Ke3 Nd4 44. Rf8 Nc6 45. d4+ Kd6 46. Rf6+ Kc7 47. Bf3 Nb4 48.
d5 a4 49. Be4 a3 50. Rf1 Kd6 51.
Kd4 Na6 52. Kc3 Kc5 53. Kb3 b4 54. Rc1+ Kd4 55. Rc4+ Ke5 56. Rc6 Nb8 57. Re6+ Kd4 58. d6 Nd7 59. Re7 Nc5+ 60. Ka2 Kc3 61. d7 b3+ 62.
Kxa3 Nxd7 63. Rxd7 b2 64. Rc7+ Kd2 65. Kxb2 Ke3 66.
Kb3 Kxe4 67. Kb4 Kd5 68. Kb5 Ke6 69. Kb6 Kd6 70. Rc5 Ke6 71. Kc6 Ke7 72. Rd5 Ke8 73. Rd7 Kf8 74. Kd6 Ke8 75. Ke6 Kf8 76. Kf6 Ke8 77. Rd6 Kf8 78. Rd8# 1-0

[Event "Late-Titled-Tuesday-Blitz-April-16-2024"]
[Site "Chess.com"]
[Date "2024.04.16"]
[Round "6"]
[White "oskariot"]
[Black "Leebit02"]
[Result "1-0"]
[WhiteElo "2740"]
[BlackElo "2547"]
[TimeControl "180+1"]
[EndTime "15:04:41 PDT"]
[Termination "oskariot won by resignation"]

1. e4 c5 2. Nf3 e6 3. g3 Nc6 4.
Bg2 Nf6 5. Nc3 Be7 6. d4 cxd4 7. Nxd4 O-O 8. O-O d6 9. a4 Bd7 10. Nb3 Qc7 11. f4 Rac8 12. g4 Rfd8 13. g5 Ne8 14. f5 Ne5 15. Kh1 Bc6 16. Nd4 exf5 17. Nxf5 Bf8 18. Bf4 Ng6 19. Bg3 Qa5 20. Qf3 Rd7 21. h4 Ne5 22. Qe2 Nc7 23. h5 Re8 24. Qf2 Ne6 25. Bh4 Qc5 26. Qg3 Nd4 27. Nxd4 Qxd4 28.
Rad1 Qc5 29. h6 g6 30. Qf4 Be7 31. Bf2 Qb4 32. Bd4 Bf8 33. Rf2 Qa5 34. Rdf1 Rde7 35.
Nd5 Bxd5 36. exd5 Qd8 37. Qf6 Rd7 38. Qxd8 Rexd8 39. Bxe5 dxe5 40. c4 Bc5 41. Rf6 Bd4 42.
Be4 a5 43. b3 b6 44. Rc6 Kf8 45. Kg2 Ke7 46. Kh3 Rd6 47. Rc7+ R8d7 48. Rc8 Rd8 49. Rc7+ R8d7 50. Rxd7+ Rxd7 51. Kg4 Rd6 52. Rf3 Kf8 53.
Bd3 Ke7 54. Rf1 f6 55. gxf6+ Rxf6 56. Rh1 Rf4+ 57. Kg3 Kf6 58. d6 Ke6 59. Bxg6 hxg6 60. h7 Bf2+ 61. Kg2 Rf8 62. h8=Q Rxh8 63. Rxh8 Bc5 64. Rg8 Kf7 65. d7 1-0

[Event "Late-Titled-Tuesday-Blitz-April-16-2024"]
[Site "Chess.com"]
[Date "2024.04.16"]
[Round "6"]
[White "Ramil_Faizrakhmanov"]
[Black "ekurtz"]
[Result "0-1"]
[WhiteElo "2874"]
[BlackElo "2611"]
[TimeControl "180+1"]
[EndTime "15:04:44 PDT"]
[Termination "ekurtz won by resignation"]

1. d4 Nf6 2. c4 c5 3. d5 b5 4. cxb5 a6 5. bxa6 g6 6. Nc3 Bg7 7. e4 O-O 8. Nf3 Qa5 9. Bd2 Bxa6 10. Be2 Bxe2 11. Qxe2 Qa6 12. Qxa6 Nxa6 13. O-O Rfb8 14. b3 Nb4 15. h3 d6 16. Rfd1 Nc2 17.
Rac1 Nb4 18. a4 Nd3 19. Rb1 c4 20. Bg5 h6 21. Bxf6 Bxf6 22. Nb5 Nc5 23. bxc4 Rxa4 24. Nd2 Bg5 25. Nc3 Rab4 26. Rxb4 Rxb4 27. Ncb1 Na4 28. g3 Nb2 29. Rc1 Nd3 30. Rc3 Nc5 31. f4 Bf6 32. Rc2 Bd4+ 33. Kg2 Nxe4 34. Nxe4 Rxb1 35. Re2 f5 36.
Nd2 Rg1+ 37. Kf3 Kf7 38. g4 Rc1 39. gxf5 gxf5 40. Kg2 Rc3 41. Kh2 Be3 42. Nf1 Bxf4+ 43. Kg2 Be5 44. Ne3 Kf6 45. Kf1 h5 46. h4 f4 47. Nd1 Rxc4 48. Rf2 Re4 49. Rf3 Kf5 50. Nf2 Re3 51. Kg2 Bd4 52. Nd3 Rxf3 53. Kxf3 Be3 54.
Nb4 Ke5 55. Nc6+ Kxd5 56. Nxe7+ Ke6 57. Ng6 Kf5 58. Ne7+ Ke5 59. Ng6+ Kf6 60. Nf8 d5 61. Nd7+ Kf5 62. Nb8 d4 63. Nc6 d3 64. Nb4 d2 65.
Ke2 Ke4 66. Nc2 f3+ 67. Kd1 f2 68. Ke2 f1=Q+ 69. Kxf1 d1=Q+ 0-1

[Event "Late-Titled-Tuesday-Blitz-April-16-2024"]
[Site "Chess.com"]
[Date "2024.04.16"]
[Round "6"]
[White "cthulhuuu"]
[Black "balachess2006"]
[Result "0-1"]
[WhiteElo "2451"]
[BlackElo "2680"]
[TimeControl "180+1"]
[EndTime "15:04:44 PDT"]
[Termination "balachess2006 won by resignation"]

1. e4 c5 2. Nf3 Nc6 3. g3 g6 4.
Bg2 Bg7 5. O-O e5 6. d3 Nge7 7. Nc3 O-O 8. Nd2 d6 9. Nc4 Be6 10. Nd5 Bxd5 11. exd5 Na5 12. Ne3 f5 13. f4 exf4 14.
gxf4 b5 15. Bd2 Re8 16. c3 Kh8 17. Qf3 Ng8 18. Rae1 Nf6 19. Re2 Nb7 20. Rfe1 Qd7 21. Qg3 Nd8 22. Qh4 Nf7 23. a3 Nh5 24. Bh3 Bf6 25.
Qf2 Ng7 26. Ng2 Rxe2 27. Rxe2 Re8 28. Ne1 Rxe2 29. Qxe2 Qe8 30. Bf1 Qxe2 31. Bxe2 Ne8 32. b4 cxb4 33. axb4 Nc7 34. c4 a6 35. Nc2 Kg7 36. Be3 Kf8 37. Bb6 Na8 38. Ba5 Nd8 39. cxb5 axb5 40. d4 Nb7 41. Bxb5 Nxa5 42. bxa5 Nc7 43.
Bc6 Ke7 44. Kf2 Kd8 45. Ke3 Kc8 46. Nb4 Kb8 47. Kd3 h6 48. Bd7 Kb7 49. Kc4 Bh4 50.
Be6 Be1 51. Nd3 Bxa5 52. Bf7 g5 53. Bg6 Bd2 54. fxg5 Bxg5 55. Bxf5 Na8 56. Bd7 Nb6+ 57. Kb5 Nxd7 58. Kc4 Nb6+ 59. Kc3 Nxd5+ 60. Kc2 Kc6 61. Kd1 Nc3+ 62. Ke1 Kd5 63. Kf2 Kxd4 64. Ne1 Ne4+ 65. Kf3 Nd2+ 66. Kg4 Ke4 67. h4 Be3 68. Ng2 d5 69.
Nxe3 Kxe3 70. Kh5 Nf3 71. Kxh6 Nxh4 0-1

[Event "Late-Titled-Tuesday-Blitz-April-16-2024"]
[Site "Chess.com"]
[Date "2024.04.16"]
[Round "6"]
[White "kleber2007"]
[Black "JoakimVonAnd"]
[Result "1/2-1/2"]
[WhiteElo "2533"]
[BlackElo "2685"]
[TimeControl "180+1"]
[EndTime "15:04:56 PDT"]
[Termination "Game drawn by repetition"]

1. Nf3 Nf6 2. g3 b5 3. c3 Bb7 4. Bg2 e6 5. Qb3 a6 6. a4 Bd5 7.
Qc2 Be7 8. d3 O-O 9. e4 Bb7 10.
O-O c5 11. axb5 axb5 12. Rxa8 Bxa8 13. Na3 Qb6 14. Qb3 b4 15. Nc4 Qa6 16. Bg5 d5 17.
exd5 Bxd5 18. Nfe5 Nc6 19. Bxf6 Bxf6 20. Nd7 Rd8 21.
Nxf6+ gxf6 22. Bxd5 Rxd5 23. Rd1 Kg7 24. Qc2 Qa2 25. Ne3 Re5 26. d4 Rh5 27. Qe2 cxd4 28.
Qxh5 dxe3 29. Qg4+ Kf8 30. Qf3 exf2+ 31. Qxf2 Ne5 32.
cxb4 Kg7 33. h3 Qc4 34. Qf4 Qe2 35. Rf1 Qxb2 36. Qxf6+ Kg8 37. Qd8+ Kg7 38. Qf6+ Kg8 39. Qg5+ Kf8 40. Qh6+ Ke8 41. Qxh7 Qd4+ 42. Kg2 Qd5+ 43.
Kg1 Qd4+ 44. Rf2 Qd1+ 45. Kg2 Qd5+ 46. Kg1 Qd1+ 47. Kh2 Nf3+ 48. Rxf3 Qe2+ 49. Kg1 Qxf3 50. Qh8+ Ke7 51. Qd4 Qxg3+ 52. Kf1 Qxh3+ 53. Ke2 Qh5+ 54. Kd2 Qb5 55. Kc3 f5 56. Qg7+ Kd6 57. Qg8 f4 58.
Qf8+ Ke5 59. Qg7+ Ke4 60. Qg2+ Kf5 61. Qh3+ Ke4 62. Qg2+ f3 63. Qg4+ Ke3 64. Qg1+ f2 65. Qg3+ Ke2 66. Qg4+ Kf1 67. Qh3+ Ke1 68. Qe3+ Qe2 69.
Qc1+ Qd1 70. Qe3+ Kf1 71. Qh3+ Kg1 72. Qg3+ Kf1 73. Qh3+ Ke2 74. Qg4+ Ke1 75. Qe4+ Kf1 76. Qh1+ Ke2 77. Qe4+ Kf1 78. Qh1+ Ke2 79. Qe4+ Kf1 1/2-1/2

[Event "Late-Titled-Tuesday-Blitz-April-16-2024"]
[Site "Chess.com"]
[Date "2024.04.16"]
[Round "6"]
[White "FREZZY23"]
[Black "MFatigue"]
[Result "1/2-1/2"]
[WhiteElo "2409"]
[BlackElo "2550"]
[TimeControl "180+1"]
[EndTime "15:04:58 PDT"]
[Termination "Game drawn by repetition"]

1. Nf3 d5 2. g3 Bf5 3. Bg2 Nf6 4. O-O e6 5. d4 h6 6. c4 c6 7. Nc3 Be7 8. Qb3 Qb6 9. c5 Qxb3 10. axb3 Nbd7 11.
b4 O-O 12. b5 a6 13. bxc6 bxc6 14. Bf4 g5 15. Bc7 Rfc8 16. Ba5 Rab8 17. Na4 Bc2 18. Nb6 Nxb6 19. Bxb6 Ra8 20. Ne5 Kf8 21. Rfc1 Be4 22. Rc3 Bxg2 23. Kxg2 Ne4 24. Rca3 f6 25. Nd3 Nd2 26. Rxa6 Rxa6 27. Rxa6 Nc4 28. b4 Re8 29.
Ra7 Rc8 30. f3 Ke8 31. e4 Nd2 32. exd5 exd5 33. b5 cxb5 34. Nb4 Bd8 35. Nxd5 Nb3 36. Bxd8 Kxd8 37. Nxf6 Rc6 38. Ra8+ Kc7 39. Ne8+ Kb7 40. Rd8 b4 41. Nd6+ Kc7 42. Rc8+ Kd7 43. Rb8 Nxd4 44.
Rxb4 Ne6 45. Ne4 Nxc5 46. Nxc5+ Rxc5 47. Rb6 h5 48. Rh6 g4 49. fxg4 hxg4 50. Rf6 Rg5 51. Rf4 Ke6 52. Kf2 Rg6 53. Ke3 Ke5 54. Re4+ Kf5 55.
Rb4 Re6+ 56. Kf2 Re5 57. Rb7 Kg5 58. Rg7+ Kh5 59. Rh7+ Kg5 60. Rh8 Rf5+ 61. Kg2 Ra5 62.
Rf8 Ra2+ 63. Rf2 Ra5 64. Kf1 Ra1+ 65. Ke2 Ra2+ 66. Ke3 Ra3+ 67. Ke4 Ra4+ 68. Kd3 Ra3+ 69. Kc4 Ra4+ 70. Kb5 Re4 71. Kc6 Re3 72. Kd5 Rf3 73. Re2 Rd3+ 74. Ke4 Rd1 75. Ke5 Ra1 76. Rf2 Ra5+ 77.
Kd4 Ra4+ 78. Ke3 Ra3+ 79. Ke2 Ra2+ 80. Ke1 Ra1+ 81. Kd2 Ra2+ 82. Ke3 Ra3+ 1/2-1/2

[Event "Late-Titled-Tuesday-Blitz-April-16-2024"]
[Site "Chess.com"]
[Date "2024.04.16"]
[Round "6"]
[White "JiangoFett"]
[Black "kripri"]
[Result "1-0"]
[WhiteElo "2550"]
[BlackElo "2401"]
[TimeControl "180+1"]
[EndTime "15:04:59 PDT"]
[Termination "JiangoFett won by resignation"]

1. d4 d5 2. c4 e6 3. Nc3 c6 4.
e3 Nf6 5. Nf3 Nbd7 6. Qc2 Bd6 7.
Bd3 dxc4 8. Bxc4 b5 9. Be2 Bb7 10. e4 e5 11. O-O O-O 12. Rd1 Qc7 13. h3 a6 14. Be3 Rfe8 15. dxe5 Nxe5 16. Nd4 Bf8 17.
Rac1 c5 18. Nf5 b4 19. Nd5 Nxd5 20. exd5 Nd7 21. d6 Qc6 22. Bf3 Qb5 23. Bxb7 Qxb7 24.
Qa4 g6 25. Ng3 Rac8 26. Rd2 Qc6 27. Qd1 Re6 28. Bf4 Rf6 29. Qg4 Rd8 30. Rcd1 Re6 31. Bg5 Ne5 32. Qh4 Rd7 33. Ne4 Bg7 34.
Nf6+ Bxf6 35. Bxf6 h5 36. Be7 c4 37. Rc1 c3 38.
bxc3 bxc3 39. Rdc2 Qd5 40. Rxc3 Kg7 41. Rc8 Qd2 42.
Bf8+ Kh7 43. Be7 Nd3 44. Rf1 Re1 45. Rxe1 Qxe1+ 46. Kh2 Qe5+ 47. Qg3 Qxg3+ 48. Kxg3 Kg7 49. Bf8+ Kf6 50. Be7+ Ke6 51. Rc3 Ne5 52. Re3 Kd5 53. f4 Nc4 54. Re2 Nxd6 55. Rd2+ Ke6 56. Rxd6+ Rxd6 57. Bxd6 Kxd6 58. Kh4 Ke6 59. Kg5 Ke7 60. f5 gxf5 61.
Kxf5 f6 62. Kg6 Ke6 63. Kxh5 Kf5 64. g4+ Kf4 65. h4 f5 66. gxf5 Kxf5 67. Kh6 Kf6 68.
Kh5 Kf5 69. a3 a5 70. a4 Kf4 71. Kg6 Ke5 72. h5 Kd5 73. h6 Kc4 74. h7 Kb4 75. h8=Q Kxa4 76. Qa1+ Kb3 77. Kf5 a4 78. Ke4 a3 79. Kd3 a2 80. Kd2 Ka3 81. Kc2 Kb4 82. Kb2 Kb5 83. Qxa2 Kb4 84. Qa3+ Kb5 85. Qg3 Ka4 86.
Qg4+ Ka5 87. Kb3 Kb5 88. Qf5+ Ka6 89. Kb4 Kb6 90. Qe6+ Ka7 91. Kb5 Kb7 92. Qd7+ Ka8 93. Kb6 1-0

[Event "Late-Titled-Tuesday-Blitz-April-16-2024"]
[Site "Chess.com"]
[Date "2024.04.16"]
[Round "6"]
[White "EddieMarsalla"]
[Black "Byniolus"]
[Result "0-1"]
[WhiteElo "2576"]
[BlackElo "2832"]
[TimeControl "180+1"]
[EndTime "15:05:01 PDT"]
[Termination "Byniolus won by checkmate"]

1. d4 d6 2. Bg5 h6 3. Bh4 Nd7 4. c3 Ngf6 5. Nd2 e5 6. dxe5 dxe5 7. e4 Be7 8. Ngf3 O-O 9. Bc4 c6 10. Qe2 Re8 11. a4 a5 12. O-O Qc7 13. Rfd1 Nf8 14.
Nf1 Ng6 15. Bg3 Bc5 16. Ne3 Nxe4 17. Qc2 Nxg3 18. Qxg6 Ne2+ 19. Kh1 Nf4 20. Qg3 Be6 21. Bxe6 Rxe6 22. Ng4 Rae8 23. Rd2 e4 24. Nd4 Bxd4 25. Rxd4 Rg6 26. Qh4 Nxg2 27. Kxg2 f5 28. h3 fxg4 29. Re1 gxh3+ 30. Kh1 Qf7 31. Re3 Rf8 32. Rd2 Qf5 33.
Qxh3 Qg5 34. Rg3 Qxd2 35. Rxg6 Qe1+ 36. Rg1 Qxf2 37. Qe6+ Qf7 38. Qxe4 Qf3+ 39. Qxf3 Rxf3 40. Rd1 Rf2 41. Rd8+ Kh7 42. b4 axb4 43. cxb4 Rb2 44. Rd4 h5 45. a5 Kh6 46. a6 bxa6 47. Rd6+ g6 48. Rxc6 Rxb4 49. Rxa6 h4 50. Ra5 g5 51. Kh2 Kh5 52. Kh3 Rb3+ 53. Kh2 Rb2+ 54. Kh3 Rb3+ 55. Kh2 Rb4 56. Kh3 Rd4 57. Rb5 Rf4 58. Ra5 Rf3+ 59. Kh2 h3 60. Ra8 Kh4 61. Ra4+ g4 62. Rb4 Rf2+ 63. Kh1 Re2 64. Ra4 Re3 65. Kh2 Re2+ 66.
Kh1 Rd2 67. Rb4 Rc2 68. Ra4 Rb2 69. Rc4 Rb3 70. Kh2 Rf3 71. Ra4 Rf2+ 72. Kh1 Kg3 73. Ra3+ Rf3 74. Ra1 h2 75. Rb1 Kh3 76. Rd1 g3 77. Rg1 g2+ 78. Rxg2 Rf1+ 79. Rg1 Rxg1# 0-1

[Event "Late-Titled-Tuesday-Blitz-April-16-2024"]
[Site "Chess.com"]
[Date "2024.04.16"]
[Round "6"]
[White "albayo"]
[Black "Akhayan"]
[Result "1-0"]
[WhiteElo "2521"]
[BlackElo "2397"]
[TimeControl "180+1"]
[EndTime "15:05:05 PDT"]
[Termination "albayo won by resignation"]

1. e4 e5 2. Nf3 Nc6 3. Bc4 Nf6 4.
d3 Bc5 5. c3 O-O 6. Nbd2 d5 7.
exd5 Nxd5 8. O-O Nb6 9. a4 Bf5 10. Re1 Nxc4 11. Nxc4 Qxd3 12. Ncxe5 Nxe5 13. Nxe5 Qxd1 14.
Rxd1 Rfe8 15. Nf3 Bg4 16. Bf4 c6 17. b4 Be7 18. Re1 Bxf3 19. gxf3 Bf6 20. Rxe8+ Rxe8 21. Rd1 Bxc3 22. Rd7 Bxb4 23. Rxb7 a5 24. Rc7 c5 25. Bd6 g6 26. Bxc5 Rb8 27. Bd4 h5 28. Kg2 Rd8 29.
Bf6 Rb8 30. f4 Bf8 31. Ra7 Bg7 32. Bxg7 Kxg7 33. Rxa5 Rb4 34. Kf3 Rb3+ 35. Ke4 Rb4+ 36. Kf3 Rb3+ 37. Kg2 Rb4 38. Kg3 Rb3+ 39. f3 Rb2 40.
Rb5 Ra2 41. Rb4 Ra3 42. h4 Ra2 43. Rc4 Ra3 44. Kf2 Ra2+ 45. Ke3 Rh2 46. a5 Ra2 47.
Rc5 Ra3+ 48. Ke4 Ra4+ 49. Ke5 Ra3 50. Ke4 Ra4+ 51. Kd5 Rxf4 52. a6 Ra4 53. Rc6 Ra1 54. Kc5 f6 55. Kb6 g5 56. hxg5 fxg5 57. Rc5 Kg6 58. Ra5 Re1 59. a7 Re8 60. a8=Q Rxa8 61.
Rxa8 Kf5 62. Rf8+ Ke5 63. Kc5 g4 64. fxg4 hxg4 65. Kc4 Ke4 66. Kc3 Ke3 67. Kc2 Ke2 68. Re8+ Kf3 69. Kd2 g3 70. Ke1 Kg2 71. Rh8 Kg1 72.
Ke2 g2 73. Rg8 Kh1 74. Kf2 g1=Q+ 75. Rxg1+ Kh2 76. Rg3 1-0

[Event "Late-Titled-Tuesday-Blitz-April-16-2024"]
[Site "Chess.com"]
[Date "2024.04.16"]
[Round "6"]
[White "Aygehovit1992"]
[Black "eljanov"]
[Result "1/2-1/2"]
[WhiteElo "2789"]
[BlackElo "2897"]
[TimeControl "180+1"]
[EndTime "15:05:12 PDT"]
[Termination "Game drawn - insufficient material"]

1. e4 c6 2. d4 d5 3. e5 Bf5 4.
Nf3 e6 5. Be2 Nd7 6. O-O a5 7.
Nbd2 a4 8. Re1 a3 9. Nf1 axb2 10.
Bxb2 Ba3 11. Bxa3 Rxa3 12. Ng3 Bg6 13. h4 h6 14. h5 Bh7 15. Qc1 Qa8 16. c4 Ne7 17.
cxd5 Nxd5 18. Bc4 O-O 19. Bb3 Rc8 20. Ne4 Bxe4 21. Rxe4 Ne7 22. Rg4 Kf8 23. Rb1 c5 24.
Qf4 c4 25. Bc2 Rxa2 26. Bg6 Nxg6 27. hxg6 f6 28. d5 Ra1 29. dxe6 Rxb1+ 30. Kh2 Nxe5 31.
Nxe5 Ke7 32. Qd4 Qa4 33. Nf7 Qd1 34. Qe4 Rc5 35. Kg3 Qd3+ 36. Qxd3 cxd3 37. Rd4 Kxe6 38. Rxd3 f5 39. Rd6+ Ke7 40. Rd4 Rb3+ 41. f3 Rcb5 42. Rc4 Kf6 43. Rc7 Kxg6 44. Nd6 R5b4 45. Ne8 f4+ 46. Kg4 h5+ 47. Kh4 Rb2 48. Rxg7+ Kh6 49.
Rg5 Rb1 50. Rxh5+ Kg6 51. Rg5+ Kf7 52. Nd6+ Ke6 53. Ne4 b5 54. Kg4 R4b2 55. Kxf4 b4 56. g4 b3 57. Re5+ Kd7 58. g5 Rg1 59. Rb5 Kc6 60.
Rb8 Rbb1 61. Kf5 Rg2 62. f4 b2 63. g6 Rbg1 64. Ng5 b1=Q+ 65. Rxb1 Rxb1 66. g7 Rb8 67. Kg6 Rf2 68. f5 Kd6 69. f6 Ke5 70. f7 Rxf7 71.
Nxf7+ Ke6 72. Nh6 Ke7 73. Nf5+ Ke6 74. Nh6 Rc8 75. Ng4 Rd8 76. Nf6 Rc8 77. Nh7 Rg8 78. Ng5+ Ke7 79. Kh7 Rxg7+ 80. Kxg7 1/2-1/2

[Event "Late-Titled-Tuesday-Blitz-April-16-2024"]
[Site "Chess.com"]
[Date "2024.04.16"]
[Round "6"]
[White "wild3000"]
[Black "ChessSwole"]
[Result "1/2-1/2"]
[WhiteElo "2505"]
[BlackElo "2673"]
[TimeControl "180+1"]
[EndTime "15:05:12 PDT"]
[Termination "Game drawn - insufficient material"]

1. d3 g6 2. g3 Bg7 3. Bg2 c5 4. f4 d6 5. Nf3 Nc6 6. O-O e6 7. e4 Nge7 8. Nc3 O-O 9. Rb1 Rb8 10.
a4 a6 11. Be3 b5 12. axb5 axb5 13. Ne2 b4 14. Qd2 Bb7 15. g4 f5 16. Ng5 Qd7 17.
exf5 gxf5 18. gxf5 Nxf5 19. Bf2 Rbe8 20. Ng3 Ncd4 21. N3e4 h6 22. Nh3 Kh8 23. c3 Nc6 24. Qe2 Qf7 25. Kh1 Rg8 26. Bf3 Qe7 27. Rg1 Ref8 28. Rg6 Nd8 29. Rbg1 bxc3 30. bxc3 Nh4 31. Bxh4 Qxh4 32. R6g3 Nf7 33. c4 Bd4 34. Rxg8+ Rxg8 35. Rxg8+ Kxg8 36. Qg2+ Kf8 37. Qg3 Qxg3 38. hxg3 Ke7 39. Kg2 Bc8 40. Nhf2 Bd7 41. Bh5 Nd8 42. Bf3 Be8 43.
Ng4 Nc6 44. Nxh6 Nb4 45. Be2 Ba4 46. Ng8+ Kf7 47. Nh6+ Ke7 48. Ng8+ Kf8 49. Nh6 Bc2 50. Nxd6 Nxd3 51. Ng4 Ke7 52. Nb5 Bg7 53. Ne3 Bb1 54.
Na3 Nc1 55. Nxb1 Nxe2 56. Kf2 Nd4 57. Nd2 Kd7 58. Ne4 Kc6 59. g4 Bf8 60. f5 exf5 61.
Nxf5 Ne6 62. Kf3 Kd7 63. g5 Nd4+ 64. Kg4 Nc6 65. g6 Ne5+ 66. Kg5 Nxc4 67. Nxc5+ Ke8 68.
Ne6 Ne5 69. Nxf8 Kxf8 70. g7+ Kg8 71. Kf6 Ng4+ 72. Kg6 Ne5+ 73. Kh6 Nf7+ 74. Kg6 Ne5+ 75. Kg5 Kf7 76. Kh6 Ng4+ 77. Kh7 Nf6+ 78. Kh8 Ke6 79. Nh6 Ke5 80. Ng8 Ne8 81. Kh7 Nxg7 1/2-1/2

[Event "Late-Titled-Tuesday-Blitz-April-16-2024"]
[Site "Chess.com"]
[Date "2024.04.16"]
[Round "6"]
[White "Sanyura"]
[Black "The_Straightforward_Rook"]
[Result "1/2-1/2"]
[WhiteElo "2601"]
[BlackElo "2440"]
[TimeControl "180+1"]
[EndTime "15:05:38 PDT"]
[Termination "Game drawn by 50-move rule"]

1. Nf3 d5 2. g3 Nf6 3. Bg2 c6 4. O-O Bg4 5. d3 Nbd7 6. Nbd2 e6 7. b3 Be7 8. Bb2 O-O 9. e4 h6 10. h3 Bh5 11. e5 Ne8 12. g4 Bg6 13. Nh2 f5 14. exf6 Bxf6 15. d4 e5 16. dxe5 Nxe5 17. Kh1 Nxg4 18. Qxg4 Bxb2 19. Qxg6 Bxa1 20. Rxa1 Rxf2 21.
Ndf3 Qf6 22. Qxf6 Nxf6 23. c4 dxc4 24. bxc4 Re8 25. Bf1 c5 26. a4 Ne4 27. Kg1 Rb2 28.
Re1 Nd6 29. Rd1 Nf5 30. Ng4 b6 31. Bd3 Ng3 32. Nge5 Ne2+ 33. Kf1 Nd4 34. Nxd4 cxd4 35. Ng4 h5 36. Nf2 Rf8 37. Be2 Rf4 38. Ke1 g6 39. Nd3 Rxe2+ 40. Kxe2 Re4+ 41. Kd2 Re3 42. Nf2 Rf3 43. Ke2 Re3+ 44. Kf1 Ra3 45. Rxd4 Rxa4 46. Rd6 Kg7 47. Rc6 a6 48. Rxb6 Rxc4 49. Rxa6 g5 50. Kg2 g4 51. hxg4 hxg4 52. Kg3 Kf7 53.
Nxg4 Ke7 54. Ne5 Rc1 55. Kf4 Rf1+ 56. Ke4 Re1+ 57. Kd4 Rd1+ 58. Nd3 Kd7 59. Kc4 Kc7 60. Nb4 Rc1+ 61. Kb5 Rd1 62. Ra7+ Kd6 63. Ra8 Rh1 64. Rd8+ Ke5 65. Nd3+ Ke6 66. Kc5 Ra1 67. Nb4 Rc1+ 68.
Kd4 Rd1+ 69. Nd3 Rh1 70. Rg8 Ra1 71. Rg6+ Kf7 72. Rb6 Ra4+ 73. Kd5 Ra5+ 74. Nc5 Ra1 75. Rb7+ Kf6 76. Ne4+ Kf5 77. Rf7+ Kg6 78. Rf6+ Kg7 79. Rc6 Rd1+ 80. Ke5 Kf7 81. Ng5+ Ke7 82. Rc7+ Ke8 83. Rh7 Re1+ 84. Ne4 Kd8 85. Kd6 Rd1+ 86. Kc6 Rg1 87. Nd6 Rc1+ 88. Kd5 Rd1+ 89. Ke5 Re1+ 90. Ne4 Rd1 91.
Ke6 Re1 92. Kd6 Rd1+ 93. Kc6 Rc1+ 94. Nc5 Ke8 95. Rh6 Rc2 96. Kd5 Rc1 97. Ne4 Rd1+ 98. Ke5 Re1 99. Rh7 Kd8 100. Rg7 Re2 101. Kd5 Re1 102. Nc5 Rd1+ 103. Ke6 1/2-1/2

[Event "Late-Titled-Tuesday-Blitz-April-16-2024"]
[Site "Chess.com"]
[Date "2024.04.16"]
[Round "6"]
[White "vladislavkovalev"]
[Black "marcodobrikov"]
[Result "1-0"]
[WhiteElo "2867"]
[BlackElo "2596"]
[TimeControl "180+1"]
[EndTime "15:05:56 PDT"]
[Termination "vladislavkovalev won by checkmate"]

1. e4 c5 2. Nf3 d6 3. Bb5+ Bd7 4. Bxd7+ Qxd7 5. c4 Nc6 6. Nc3 g6 7. d4 cxd4 8. Nxd4 Bg7 9. Be3 Nf6 10. f3 O-O 11.
Rc1 Rac8 12. b3 a6 13. Na4 Qd8 14. Nxc6 Rxc6 15. O-O Nd7 16. Qe2 Qb8 17. Nc3 Bxc3 18. Rxc3 b5 19. Rfc1 Rfc8 20. Bd4 e5 21. Be3 Nb6 22.
c5 dxc5 23. Rxc5 Rxc5 24. Rxc5 Rxc5 25. Bxc5 Nd7 26. Be3 Kg7 27. Qd2 Qc7 28. Bh6+ Kf6 29. h4 Qc5+ 30. Kh2 Ke6 31. Qa5 Qb6 32. Qc3 Qc5 33. Qd2 Qd6 34. Qg5 f6 35. Qg4+ Kf7 36.
h5 Qe6 37. hxg6+ hxg6 38. Qh4 g5 39. Qh5+ Ke7 40. Kg3 Qf7 41. Qh3 Qg6 42. Qh1 Nc5 43. Qg1 Nd7 44. Qh2 Kf7 45. Qh3 Nc5 46. Kh2 Ne6 47.
Kg1 Ke7 48. Kf2 Nf4 49. Qh2 Nh5 50. g4 Nf4 51. Kg3 Ne6 52. Qh1 Nc5 53. Qg1 Nd7 54.
Qh2 Qg8 55. Qh5 Qf7 56. Qh2 Qe6 57. Qh5 Qb6 58. Qg6 Qg1+ 59. Kh3 Qf2 60. Qg7+ Ke6 61. Qg8+ Kd6 62. Bf8+ Kc7 63. Be7 Qxf3+ 64. Kh2 Qe2+ 65.
Kg3 Qe3+ 66. Kh2 Qf4+ 67. Kh3 Qxe4 68. Qd8+ Kc6 69. Qc8+ Kb6 70. Qd8+ Kb7 71. Qxd7+ Kb6 72. Bd8+ Kc5 73. Qe7+ Kc6 74. Qe6+ Kc5 75. Bb6+ Kb4 76.
Qd6+ Kc3 77. Qxf6 Kb2 78. Qf2+ Ka3 79. Be3 Qd3 80. Kg2 a5 81. Bxg5 Qe4+ 82. Kg3 Qd3+ 83. Be3 e4 84. g5 Qd6+ 85. Qf4 Qxf4+ 86. Kxf4 Kxa2 87. g6 a4 88. bxa4 b4 89. g7 b3 90.
Bd4 b2 91. Bxb2 Kb3 92. Ke3 Kc2 93. g8=Q Kb1 94. Qe6 Kc2 95. Qc4+ Kb1 96. Kd2 Kxb2 97. Qb4+ Ka2 98. Kc2 Ka1 99. Qb2# 1-0

[Event "Late-Titled-Tuesday-Blitz-April-16-2024"]
[Site "Chess.com"]
[Date "2024.04.16"]
[Round "6"]
[White "Tugrik1969"]
[Black "Kimkibo"]
[Result "1-0"]
[WhiteElo "2509"]
[BlackElo "2377"]
[TimeControl "180+1"]
[EndTime "15:06:05 PDT"]
[Termination "Tugrik1969 won on time"]

1. d4 d5 2. c4 e6 3. Nf3 Nf6 4. g3 Bb4+ 5. Nc3 O-O 6. Bg2 c5 7. O-O cxd4 8. Nxd4 dxc4 9. Ndb5 Na6 10. Bg5 Bxc3 11.
Nxc3 h6 12. Bxf6 Qxf6 13. Qa4 Qd4 14. Rfd1 Qc5 15. Rac1 Rb8 16. Ne4 Qb4 17. Qxb4 Nxb4 18. Rxc4 a5 19. a3 b5 20. Rc7 Nd5 21. Ra7 b4 22. Rxa5 bxa3 23. bxa3 Rb2 24. e3 Bb7 25. Nd6 Nc3 26. Re1 Bxg2 27. Kxg2 Rd8 28. Nc4 Ra2 29. Rc1 Ne4 30. Rf1 Rc8 31. Ra4 f5 32. Rb4 g5 33.
Rb2 Rxb2 34. Nxb2 Rc2 35. Nd3 Rd2 36. Nb4 g4 37. a4 Rb2 38. Nc6 Ra2 39. a5 Kg7 40. h3 h5 41. hxg4 hxg4 42. Kg1 Kf6 43. Kg2 Kg5 44. Kg1 Nd2 45. Rd1 Ne4 46. Rf1 Kf6 47. Kg2 e5 48. Kg1 f4 49. exf4 exf4 50. gxf4 Kf5 51. Re1 Kxf4 52. Nb4 Rxa5 53. Nd3+ Kf5 54.
Re3 Ra2 55. Kg2 Rd2 56. Kg1 Ng5 57. Kg2 Nf3 58. Kg3 Kg5 59. Ne5 Nxe5 60. Rxe5+ Kf6 61. Re4 Kf5 62. Rf4+ Ke5 63. Kxg4 Rd3 64. f3 Ra3 65. Kg3 Ra1 66. Rb4 Ra3 67. Rb5+ Kf6 68. Kg4 Ra4+ 69. f4 Ra1 70. Rb6+ Kf7 71. Rc6 Ra5 72. Rd6 Rb5 73. Rh6 Ra5 74. Rh7+ Kg6 75. Rb7 Rc5 76. Rb6+ Kf7 77. f5 Rc4+ 78. Kg5 Rc1 79. Rb7+ Kf8 80.
Kg6 Ra1 81. Rb8+ Ke7 82. f6+ Ke6 83. Re8+ Kd7 84. f7 Rg1+ 85. Kh5 Rh1+ 86. Kg4 Rf1 87. f8=Q 1-0